 Dungeon Crawl Stone Soup version 0.30-a0-576-g89cddaab80 (webtiles) character file.

Game seed: 15269072196788627074

140818 Newt the Lord of Darkness (level 16, 0/126 HPs)
             Began as a Demonspawn Gladiator on Dec 30, 2022.
             Was the Champion of Kikubaaqudgha.
             Slain by a salamander
             ... wielding a +0 glaive
              (10 damage)
             ... on level 4 of the Snake Pit.
             The game lasted 01:18:35 (27767 turns).

Newt the Lord of Darkness (Demonspawn Gladiator)   Turns: 27767, Time: 01:18:35

Health: 0/126      AC: 32    Str: 22    XL:     16   Next: 76%
Magic:  14/44      EV: 15    Int: 21    God:    Kikubaaqudgha [******]
Gold:   2848       SH:  5    Dex: 14    Spells: 18/45 levels left

rFire   . . .      SeeInvis .    s - +2 dagger (protect)
rCold   . . .      Faith    .    m - orb {*channel}
rNeg    . . .      Spirit   .    w - quicksilver dragon scales
rPois   +          Reflect  +    Q - +1 hat {Int+3}
rElec   +          Harm     .    H - +1 cloak {Will+}
rCorr   +          Rampage  .    l - +1 pair of gloves
Will    +++..                    y - +2 pair of boots "Aptiel" {rPois Str+3}
Stlth   +++                      O - amulet of reflection
HPRegen 0.41/turn                J - ring "Riexixa" {Wiz rElec rPois Int+4}
MPRegen 0.29/turn                p - ring of magical power

@: death channelling, weakened, under a protective aura, animating dead
A: yellow scales 3, ignite blood 1, demonic magic 2, demonic touch 2, hooves 2,
robust 1, electricity resistance
a: Renounce Religion, Unearth Wretches, Torment


You were on level 4 of the Snake Pit.
You worshipped Kikubaaqudgha.
Kikubaaqudgha was exalted by your worship.
You visited 3 branches of the dungeon, and saw 23 of its levels.
You also visited: Bailey, Gauntlet and Volcano.

You collected 3075 gold pieces.
You spent 227 gold pieces at shops.

Inventory:

Hand Weapons
 s - a +2 dagger of protection (weapon)
 M - the +5 rapier "Cyvam" {vamp, rElec Dex+5}
   (You found it on level 2 of the Lair of Beasts)

   It occasionally heals its wielder for a portion of the damage dealt when it
   wounds a living foe.
   Dex:       It affects your dexterity (+5).
   rElec:     It insulates you from electricity.
Missiles
 n - 2 silver javelins (quivered)
Armour
 l - a +1 pair of gloves (worn)
 m - an orb of energy (worn)
 w - quicksilver dragon scales (worn)
 y - the +2 pair of boots "Aptiel" (worn) {rPois Str+3}
   (You bought it in a shop on level 5 of the Dungeon)

   Str:       It affects your strength (+3).
   rPois:     It protects you from poison.
 H - a +1 cloak of willpower (worn)
 Q - a +1 hat of intelligence (worn)
 R - the +11 chain mail "Nusitoufega" {rElec Int+2 Dex+5}
   (You took it off a minotaur in a Gauntlet)

   Int:       It affects your intelligence (+2).
   Dex:       It affects your dexterity (+5).
   rElec:     It insulates you from electricity.
Jewellery
 a - the ring of Diel {rPois rC+ rCorr Str+6 Stlth+}
   (You found it on level 14 of the Dungeon)

   [ring of strength]

   Str:       It affects your strength (+6).
   rC:        It protects you from cold.
   rPois:     It protects you from poison.
   rCorr:     It protects you from acid and corrosion.
   Stlth:     It makes you more stealthy.
 c - a ring of willpower
 d - the ring of Jaotal {rF+ Int+3 SInv}
   (You found it on level 14 of the Dungeon)

   [ring of see invisible]

   Int:       It affects your intelligence (+3).
   rF:        It protects you from fire.
   SInv:      It lets you see invisible.
 e - a ring of willpower
 p - a ring of magical power (right hand)
 J - the ring "Riexixa" (left hand) {Wiz rElec rPois Int+4}
   (You took it off a minotaur in a Gauntlet)

   [ring of wizardry]

   It improves your spell success rate.
   Int:       It affects your intelligence (+4).
   rElec:     It insulates you from electricity.
   rPois:     It protects you from poison.
 L - a ring of willpower
 O - an amulet of reflection (around neck)
 W - a ring of see invisible
Wands
 h - a wand of flame (2)
 u - a wand of roots (43)
 E - a wand of charming (22)
 K - a wand of mindburst (42)
 P - a wand of polymorph (14)
 V - a wand of light (5)
Scrolls
 b - 2 scrolls of brand weapon
 f - 2 scrolls of fear
 i - 4 scrolls of amnesia
 v - 4 scrolls of enchant weapon
 x - 3 scrolls of teleportation
 C - 5 scrolls of enchant armour
 D - 5 scrolls of blinking
 G - 2 scrolls of magic mapping
 I - 2 scrolls of poison
 U - 6 scrolls of identify
Potions
 g - 15 potions of curing
 j - 2 potions of cancellation
 k - 6 potions of flight
 o - 2 potions of magic
 q - 6 potions of heal wounds
 r - 3 potions of haste
 t - 4 potions of brilliance
 A - 4 potions of resistance
 B - 12 potions of ambrosia
 F - 5 potions of might
 S - 2 potions of invisibility
Miscellaneous
 z - a phial of floods
 Y - a box of beasts
 Z - a tin of tremorstones (2/2)


   Skills:
 - Level 7.0 Fighting
 - Level 6.0 Short Blades
 - Level 1.7 Throwing
 - Level 8.0 Armour
 - Level 9.3 Dodging
 - Level 8.0 Stealth
 - Level 15.0 Spellcasting
 - Level 5.0 Hexes
 - Level 16.1 Necromancy
 * Level 12.9 Evocations


You had 18 spell levels left.
You knew the following spells:

 Your Spells              Type           Power      Damage    Failure   Level
a - Vampiric Draining     Necr           70%        2d11      0%          3
b - Slow                  Hex            100%       N/A       1%          1
c - Animate Dead          Necr           70%        N/A       1%          4
d - Necrotise             Necr           100%       1d9       0%          1
e - Dispel Undead         Necr           70%        3d24      1%          4
f - Death Channel         Necr           35%        N/A       1%          6
g - Infestation           Necr           35%        N/A       21%         8

Your spell library contained the following spells:

 Spells                   Type           Power      Damage    Failure   Level
 Kiss of Death            Conj/Necr      100%       2d13      1%          1
 Cigotuvi's Dreadful Rot  Necr/Pois/Air  76%        N/A       1%          2
 Confusing Touch          Hex            36%        N/A       1%          3
 Tukima's Dance           Hex            36%        N/A       1%          3
 Agony                    Necr           70%        N/A       1%          5
 Sandblast                Erth           30%        2d9       2%          1
 Sting                    Tmut/Pois      60%        1d6       2%          1
 Dazzling Flash           Conj/Hex       52%        N/A       2%          3
 Borgnjor's Vile Clutch   Necr/Erth      24%        N/A       2%          5
 Blink                    Tloc           30%        N/A       3%          2
 Momentum Strike          Conj/Tloc      30%        3d8       3%          2
 Passwall                 Tmut/Erth      12%        N/A       3%          2
 Poisonous Vapours        Pois/Air       30%        N/A       3%          2
 Hailstorm                Conj/Ice       15%        3d5       7%          3
 Lesser Beckoning         Tloc           30%        N/A       7%          3
 Mephitic Cloud           Conj/Pois/Air  15%        N/A       7%          3
 Stone Arrow              Conj/Erth      30%        3d8       7%          3
 Leda's Liquefaction      Hex/Erth       13%        N/A       9%          4
 Simulacrum               Ice/Necr       24%        N/A       13%         6
 Borgnjor's Revivificati  Necr           35%        N/A       21%         8
 Ice Form                 Ice/Tmut       15%        N/A       22%         4
 Iskenderun's Mystic Bla  Conj/Tloc      15%        2d5       22%         4
 Olgreb's Toxic Radiance  Pois           15%        N/A       22%         4
 Passage of Golubria      Tloc           15%        N/A       22%         4
 Silence                  Hex/Air        13%        N/A       22%         5
 Summon Mana Viper        Hex/Summ       26%        N/A       22%         5
 Yara's Violent Unravell  Hex/Tmut       13%        3d7       22%         5
 Blade Hands              Tmut           7%         N/A       52%         5
 Irradiate                Conj/Tmut      7%         3d14      52%         5
 Lee's Rapid Deconstruct  Erth           7%         3d7*      52%         5
 Summon Forest            Summ/Tloc      7%         N/A       52%         5
 Haunt                    Necr/Summ      24%        N/A       56%         7
 Death's Door             Necr           35%        N/A       95%         9
 Starburst                Conj/Fire      7%         6d4       96%         6
 Statue Form              Tmut/Erth      10%        N/A       96%         6
 Summon Cactus Giant      Summ           7%         N/A       96%         6
 Necromutation            Tmut/Necr      24%        N/A       99%         8
 Dragon Form              Tmut           7%         N/A       100%        7


Dungeon Overview and Level Annotations

Branches:
Dungeon (14/15)            Temple (0/1) D:7            Lair (5/5) D:10
  Snake (4/4) Lair:2        Slime (0/5) Lair:5          Orc (0/2) D:10
 Vaults (0/5) D:14         Bailey (visited)         Volcano (visited)
Gauntlet (visited)
  Swamp: Lair:2-3    Shoals: Lair:2-3

Altars:
Ashenzari
Cheibriados
Fedhas
Hepliaklqana
Kikubaaqudgha
Makhleb
Nemelex Xobeh
Okawaru
Qazlal
Ru
Sif Muna
Uskayaw
Wu Jian
Xom
Jiyva

Shops:
D:5 [   D:9 *   Snake:2 !   Snake:3 ::=

Portals:
Abyss: Lair:4


Innate Abilities, Weirdness & Mutations

You are completely covered in yellow scales. (AC +4, rCorr)
Your demonic aura sometimes causes spilled blood to erupt in flames.
Spells you cast may paralyse nearby enemies.
Your touch may inflict irresistible damage on your foes.
You have hoof-like feet.
You are robust. (+10% HP)
You are resistant to electric shocks. (rElec)


Message History

Your death scarab barely misses the naga warrior.
Your death scarab bites the naga!!
Your death scarab drains the naga's vigour!
The naga seems to slow down.
Your death scarab draws strength from the naga's injuries!
The naga mage is engulfed in blazing flames.
You kill the naga mage!
Kikubaaqudgha accepts your kill.
The dead are walking!
A glowing mist starts to gather...
Your death scarab struggles to escape constriction.
Your death scarab bites the salamander!
Your death scarab draws strength from the salamander's injuries!
The salamander hits you from afar with a +1 spear!
You are engulfed in flames!
* * * LOW HITPOINT WARNING * * *
Your spectral salamander hits the salamander but does no damage.
The naga hits your death scarab with a +0 war axe!!
Your death scarab is destroyed!
The naga barely misses your death scarab.
The naga warrior roars a battlecry!
The naga sharpshooters go into a battle-frenzy!
The naga sharpshooter shoots an arrow.
The arrow completely misses your death scarab.
The arrow closely misses you.
Your spectral anaconda grabs the salamander.
Your spectral anaconda bites the salamander.
Your spectral anaconda constricts the salamander.
The naga sharpshooter gestures wildly while chanting.
The naga sharpshooter magically shoots a bolt.
The bolt hits you!
* * * LOW HITPOINT WARNING * * *
Your death scarab bites the naga!
The naga dies!
Kikubaaqudgha accepts your kill.
A death scarab bursts from the naga!
A glowing mist starts to gather...
The salamander hits you with a +0 glaive!
* * * LOW HITPOINT WARNING * * *
You are engulfed in flames!
You die...
Kikubaaqudgha rasps: "You have failed me!
Welcome... death!"

............##
.NN..........#.#
.......=.....#.#
..............$#
....$....Z......
........BZ..Z....
.........NZZB.....
......# #Z@NNN.....
.../.....##.B)BZ....
#.......##°.........
#......^....^.......
.
.................##
#. #)..........#####
#..##..........##
#.............#
#............##


You could see a naga warrior (curare, distracted, infested, catching breath), 2
naga sharpshooters, 2 salamanders, a naga (strong), a friendly spectral
anaconda, 2 friendly spectral nagas, a friendly spectral naga mage, a friendly
spectral salamander, a friendly spectral salamander tyrant, 4 friendly death
scarabs and a friendly naga mage zombie.

Vanquished Creatures
  Gastronok (D:9)
  A nagaraja (Snake:2)
  A very ugly thing (D:13)
  The ghost of Newt the Carver, a journeyman DsGl of Hepliaklqana (Snake:1)
  The ghost of bmack86 the Severer, a journeyman MiFi of Okawaru (Lair:4)
  A minotaur (Gauntlet)
  A ghost crab (Gauntlet)
  4 hydras
  2 salamander tyrants (Snake:2)
  8 centaur warriors
  6 anacondas
  3 two-headed ogres
  A hell hog (Lair:4)
  A death knight (D:13)
  6 boulder beetles
  A death yak (Lair:3)
  10 naga warriors
  3 tengu warriors
  7 naga sharpshooters
  7 shock serpents
  Sonja (Lair:4)
  3 salamander mystics
  3 skeletal warriors (D:14)
  6 naga ritualists
  A glowing orange brain (Lair:4)
  2 lindwurms
  5 mana vipers
  2 deep elf pyromancers
  A necromancer (Gauntlet)
  Pikel (D:4)
  A harpy (Gauntlet)
  An orc knight (D:14)
  A wizard (D:14)
  A deep elf zephyrmancer (Gauntlet)
  5 manticores
  14 ugly things
  4 cyclopes
  5 elephants (Lair:2)
  A spectral centaur (D:10)
  A shock serpent zombie (Snake:3)
  11 salamanders
  33 black mambas
  8 naga magi
  2 gargoyles
  2 guardian serpents
  A molten gargoyle (Volcano)
  13 cane toads
  A yaktaur (D:14)
  A tengu conjurer (D:13)
  3 freezing wraiths (D:13)
  3 komodo dragons
  A rime drake (Lair:5)
  3 tyrant leeches (Lair:5)
  A polar bear (Lair:2)
  3 trolls
  2 hornets
  3 dream sheep
  11 slime creatures
  11 blink frogs
  4 black mamba zombies
  3 centaur simulacra
  4 wyverns
  4 wraiths
  A jumping spider (shapeshifter) (D:13)
  A spriggan (Lair:4)
  30 yaks
  A fire elemental (Volcano)
  Eustachio (D:4)
  13 humans (D:14)
  5 steam dragons
  7 vampire mosquitoes
  6 basilisks
  Edmund (D:5)
  16 nagas
  2 wargs (D:10)
  Duvessa (D:6)
  An acid dragon (D:14)
  5 water moccasins
  3 swamp worms (Gauntlet)
  A cane toad zombie (Lair:5)
  9 orc warriors
  2 black bears (D:5)
  2 blink frog zombies (Lair:4)
  A sky beast (D:7)
  An ice beast (D:6)
  16 wolves
  6 centaurs
  A dream sheep zombie (Lair:3)
  2 ogres
  A salamander zombie (Snake:2)
  3 kobold brigands
  A komodo dragon zombie (Lair:3)
  9 bullfrogs
  4 necrophages
  2 gnoll sergeants
  A scorpion (D:5)
  A water moccasin zombie (Lair:1)
  7 wights
  Dowan (D:6)
  17 killer bees
  2 wolf zombies
  6 howler monkeys
  A centaur zombie (D:11)
  An electric eel (Lair:5)
  3 hounds
  A bullfrog zombie (Lair:4)
  A crimson imp (D:7)
  2 jellies
  Crazy Yiuf (D:4)
  3 gnoll boudas
  2 orc priests
  2 iguanas
  3 orc wizards
  Natasha (thrice) (D:4)
  5 killer bee zombies
  20 gnolls
  7 adders
  An adder zombie (D:11)
  A worm (D:2)
  The ghost of Encipher the Sneak, a weakling DjDe (D:5)
  3 dart slugs
  36 orcs
  4 bats
  7 endoplasms
  7 giant cockroaches
  4 goblins
  6 hobgoblins
  7 jackals
  6 quokkas
  4 ball pythons
  6 frilled lizards
  19 kobolds
  A kobold zombie (D:10)
  3 orc zombies (D:10)
  4 rats
618 creatures vanquished.

Vanquished Creatures (collateral kills)
  Josephine (D:14)
  A salamander tyrant (Snake:4)
  The ghost of billz999 the Spear-Bearer, a journeyman DjAE of Makhleb (D:10)
  An anaconda (Snake:3)
  4 naga warriors
  A boulder beetle (D:11)
  Urug (D:14)
  2 shock serpents
  6 naga sharpshooters
  A sea snake (Snake:1)
  5 mana vipers
  A deep elf pyromancer (Gauntlet)
  3 ugly things
  3 slime creatures
  A cyclops (D:13)
  3 salamanders
  10 black mambas
  A gargoyle (D:13)
  A guardian serpent (Snake:1)
  A guardian serpent (shapeshifter) (D:13)
  9 naga magi
  6 cane toads
  A rime drake (Lair:5)
  4 komodo dragons
  A tyrant leech (Lair:5)
  A queen bee (Lair:2)
  14 blink frogs
  A shadow (D:10)
  7 yaks
  3 humans (D:14)
  3 wraiths
  A fire elemental (Volcano)
  3 vampire mosquitoes (Lair:5)
  A basilisk (Lair:3)
  12 nagas
  4 water moccasins
  A black bear (Lair:2)
  A lindwurm zombie (Volcano)
  5 wolves
  A centaur (D:12)
  A kobold brigand (D:7)
  4 bullfrogs
  2 salamander zombies (Volcano)
  2 wights (D:10)
  16 killer bees
  An electric eel (Snake:1)
  A jelly (Lair:5)
  2 gnolls (D:9)
  3 river rats (Lair:2)
  2 orcs (D:7)
  4 kobolds
165 creatures vanquished.

Vanquished Creatures (others)
  An ogre mage (D:14)
  A naga warrior (Snake:3)
  A centaur warrior (D:12)
  A shock serpent (Snake:3)
  2 anaconda zombies (Snake:2)
  A spriggan rider (Gauntlet)
  An ugly thing zombie (Lair:4)
  A lindwurm (Volcano)
  2 salamanders
  A cyclops (Gauntlet)
  3 shock serpent zombies
  A torpor snail (Gauntlet)
  A cane toad (Lair:5)
  A komodo dragon (Lair:5)
  A hydra zombie (Lair:4)
  3 mana viper zombies
  A merfolk (Gauntlet)
  6 black mamba zombies
  A wyvern (Lair:5)
  A yak (D:11)
  A naga (Snake:1)
  A tengu zombie (D:13)
  A cane toad zombie (Lair:5)
  A blink frog zombie (Lair:2)
  An ice beast (D:11)
  2 vampire mosquito zombies
  2 wyvern zombies
  5 salamander zombies
  A cyclops zombie (D:13)
  2 wolf zombies
  4 bullfrog zombies
  3 centaur zombies
  A human zombie (D:14)
  10 killer bee zombies
  5 naga zombies
  A howler monkey zombie (D:10)
  A steam dragon zombie (D:13)
  An adder (D:11)
  A gnoll zombie (D:9)
  A goblin zombie (D:10)
  5 kobold zombies (D:7)
  5 orc zombies
  A butterfly (Lair:5)
  37 fungi
  157 plants
281 creatures vanquished.

Grand Total: 1064 creatures vanquished

Notes
Turn   | Place    | Note
-------+----------+-------------------------------------------
     0 | D:1      | Newt the Demonspawn Gladiator began the quest for the Orb.
     0 | D:1      | Reached XP level 1. HP: 16/16 MP: 1/1
    38 | D:1      | Reached skill level 1 in Stealth
    92 | D:1      | Gained mutation: Your touch may inflict minor irresistible
                  | damage on your foes. [demonic ancestry]
    92 | D:1      | Reached XP level 2. HP: 22/22 MP: 2/2
   392 | D:1      | Gained mutation: Spells you cast may paralyse adjacent
                  | enemies. [demonic ancestry]
   392 | D:1      | Reached XP level 3. HP: 17/28 MP: 3/3
   751 | D:2      | Found an iron altar of Okawaru.
   961 | D:2      | Found a faded altar of an unknown god.
   978 | D:2      | Reached XP level 4. HP: 20/37 MP: 4/4
  1520 | D:3      | Gained mutation: You have hidden genetic potential. [potion
                  | of mutation]
  1520 | D:3      | Gained mutation: You have large cloven feet. [potion of
                  | mutation]
  1520 | D:3      | Gained mutation: You are robust. (+10% HP) [potion of
                  | mutation]
  1689 | D:3      | Reached skill level 1 in Spellcasting
  1908 | D:3      | Found a snail-covered altar of Cheibriados.
  1908 | D:3      | Found a hide-covered altar of Uskayaw.
  1908 | D:3      | Found a shimmering blue altar of Sif Muna.
  1909 | D:3      | Found an iron altar of Okawaru.
  1910 | D:3      | Found an ornate altar of the Wu Jian Council.
  1911 | D:3      | Found an ancient bone altar of Kikubaaqudgha.
  1912 | D:3      | Found a broken altar of Ashenzari.
  1938 | D:3      | Became a worshipper of Kikubaaqudgha
  2109 | D:4      | Found a runed translucent door.
  2110 | D:4      | Noticed Crazy Yiuf
  2174 | D:4      | Noticed Eustachio
  2201 | D:4      | Killed Eustachio
  2202 | D:4      | Reached skill level 3 in Necromancy
  2202 | D:4      | Reached XP level 5. HP: 21/46 MP: 8/8
  2220 | D:4      | Gained mutation: You are resistant to electric shocks.
                  | (rElec) [hidden potential]
  2296 | D:4      | Learned a level 3 spell: Vampiric Draining
  2330 | D:4      | Noticed Pikel
  2331 | D:4      | Noticed a lemure
  2331 | D:4      | Noticed a lemure
  2331 | D:4      | Noticed a lemure
  2343 | D:4      | Noticed a lemure
  2370 | D:4      | Killed Pikel
  2371 | D:4      | Reached skill level 4 in Necromancy
  2371 | D:4      | Reached skill level 6 in Necromancy
  2371 | D:4      | Gained mutation: Spells you cast may paralyse nearby
                  | enemies. [demonic ancestry]
  2371 | D:4      | Reached XP level 6. HP: 21/52 MP: 10/10
  2371 | D:4      | Reached XP level 7. HP: 24/59 MP: 11/11
  2395 | D:4      | Gained mutation: You have hoof-like feet. [hidden
                  | potential]
  2395 | D:4      | Lost mutation: You have hidden genetic potential. [hidden
                  | potential expressed]
  2728 | D:4      | Found a sparkling altar of Nemelex Xobeh.
  2808 | D:4      | Noticed Natasha
  2813 | D:4      | Killed Natasha
  2830 | D:4      | Noticed Natasha
  2837 | D:4      | Killed Natasha
  2896 | D:4      | Noticed Natasha
  2901 | D:4      | Killed Natasha
  3052 | D:4      | Killed Crazy Yiuf
  3123 | D:5      | Entered Level 5 of the Dungeon
  3157 | D:5      | Reached skill level 1 in Evocations
  3510 | D:5      | Noticed Edmund
  3517 | D:5      | Killed Edmund
  3518 | D:5      | Reached XP level 8. HP: 62/66 MP: 14/14
  3812 | D:5      | Reached skill level 5 in Evocations
  3834 | D:5      | Found a transporter.
  3834 | D:5      | Found a transporter.
  3834 | D:5      | Noticed Encipher's ghost (weakling DjDe)
  3837 | D:5      | Noticed a hornet
  3914 | D:5      | Killed a hornet
  3919 | D:5      | Reached * piety under Kikubaaqudgha
  3919 | D:5      | Received a gift from Kikubaaqudgha
  3921 | D:5      | Killed Encipher's ghost
  4049 | D:5      | Found Uked's Antique Armour Shop.
  4157 | D:5      | Bought a pair of buzzing boots for 152 gold pieces
  4157 | D:5      | Identified the +2 pair of boots "Aptiel" {rPois Str+3} (You
                  | bought it in a shop on level 5 of the Dungeon)
  4574 | D:6      | Noticed Duvessa
  4574 | D:6      | Noticed Dowan
  4583 | D:6      | Killed Duvessa
  4584 | D:6      | Reached XP level 9. HP: 71/71 MP: 15/15
  4587 | D:6      | Killed Dowan
  4743 | D:6      | Reached skill level 7 in Necromancy
  5013 | D:6      | Learned a level 1 spell: Slow
  5184 | D:6      | Found a stormy altar of Qazlal.
  5698 | D:7      | Reached skill level 8 in Necromancy
  5698 | D:7      | Reached skill level 1 in Hexes
  5776 | D:7      | Found a staircase to the Ecumenical Temple.
  5813 | D:7      | Found a flagged portal.
  5822 | Bailey   | Entered a bailey
  5832 | Bailey   | Learned a level 4 spell: Animate Dead
  5844 | Bailey   | Reached ** piety under Kikubaaqudgha
  6139 | Bailey   | Reached skill level 5 in Hexes
  6328 | Bailey   | Identified the +14 crystal plate armour of the Shore {rElec
                  | rCorr Dex+4}
  6492 | D:7      | Found a burning altar of Makhleb.
  6492 | D:7      | Found a shimmering altar of Xom.
  6537 | D:7      | Identified the +0 scale mail of Exclusion {rF+ rCorr Str+9}
  6542 | D:7      | Reached skill level 5 in Dodging
  7202 | D:7      | Gained mutation: Your demonic aura sometimes causes spilled
                  | blood to erupt in flames. [demonic ancestry]
  7202 | D:7      | Reached XP level 10. HP: 78/78 MP: 16/16
  7202 | D:7      | Reached *** piety under Kikubaaqudgha
  7202 | D:7      | Received a gift from Kikubaaqudgha
  7394 | D:7      | Found a sacrificial altar of Ru.
  7713 | D:8      | Noticed a two-headed ogre
  7719 | D:8      | Killed a two-headed ogre
  7829 | D:8      | Reached skill level 5 in Short Blades
  7890 | D:8      | Found a hazy altar of Hepliaklqana.
  8194 | D:8      | Learned a level 1 spell: Necrotise
  8482 | D:9      | Found Femis's Serpentskin Sales.
  8708 | D:9      | Reached **** piety under Kikubaaqudgha
  8708 | D:9      | Noticed Gastronok
  8727 | D:9      | Killed Gastronok
  8923 | D:9      | Gained mutation: You are partially covered in yellow
                  | scales. (AC +2) [demonic ancestry]
  8923 | D:9      | Reached XP level 11. HP: 84/84 MP: 18/20
  9277 | D:10     | Entered Level 10 of the Dungeon
  9489 | D:10     | Found a staircase to the Lair.
  9550 | D:10     | Found a staircase to the Orcish Mines.
  9990 | D:10     | Found a blossoming altar of Fedhas.
  9998 | D:10     | Noticed a two-headed ogre
 10002 | D:10     | Killed a two-headed ogre
 10003 | D:10     | Reached skill level 10 in Evocations
 10094 | D:10     | Found a runed translucent gate.
 10094 | D:10     | Found a runed translucent gate.
 10095 | D:10     | Found a runed translucent gate.
 10097 | D:10     | Noticed billz999's ghost (journeyman DjAE)
 10117 | D:10     | Reached ***** piety under Kikubaaqudgha
 10253 | D:10     | Killed billz999's ghost
 10254 | D:10     | Reached skill level 9 in Necromancy
 10551 | D:11     | Noticed a boulder beetle
 10570 | D:11     | Killed a boulder beetle
 10571 | D:11     | Reached skill level 10 in Necromancy
 10672 | D:11     | Reached skill level 1 in Armour
 10731 | D:11     | Learned a level 4 spell: Dispel Undead
 10835 | D:11     | Noticed a boulder beetle
 10851 | D:11     | Killed a boulder beetle
 11474 | D:11     | Reached skill level 5 in Armour
 11685 | D:12     | Noticed a centaur warrior
 11694 | D:12     | Gained mutation: Your touch may inflict irresistible damage
                  | on your foes. [demonic ancestry]
 11694 | D:12     | Reached XP level 12. HP: 85/91 MP: 7/21
 11945 | D:12     | Reached skill level 5 in Stealth
 12577 | D:13     | Noticed a death knight
 12665 | D:13     | Noticed a centaur warrior
 12674 | D:13     | Killed a centaur warrior
 12901 | D:13     | Noticed a brown very ugly thing
 12914 | D:13     | Killed a brown very ugly thing
 13149 | D:13     | Learned a level 6 spell: Death Channel
 13235 | D:13     | Reached skill level 11 in Necromancy
 13235 | D:13     | Noticed a tengu warrior
 13238 | D:13     | Noticed a centaur warrior
 13239 | D:13     | Noticed a boulder beetle
 13242 | D:13     | Killed a tengu warrior
 13253 | D:13     | Killed a centaur warrior
 13254 | D:13     | Reached skill level 12 in Necromancy
 13275 | D:13     | Killed a death knight
 13756 | D:13     | Killed a boulder beetle
 13757 | D:13     | Reached skill level 13 in Necromancy
 14253 | D:14     | Noticed Urug
 14253 | D:14     | Noticed a two-headed ogre
 14253 | D:14     | Noticed a centaur warrior
 14253 | D:14     | Noticed a centaur warrior
 14253 | D:14     | Found a gate to the Vaults.
 14259 | D:14     | Reached XP level 13. HP: 89/96 MP: 22/22
 14270 | D:14     | Reached skill level 14 in Necromancy
 14275 | D:14     | Killed Urug
 14276 | D:14     | Reached skill level 5 in Fighting
 14278 | D:14     | Found a burning altar of Makhleb.
 14479 | D:14     | Noticed Josephine
 14495 | D:14     | Killed Josephine
 14498 | D:14     | Found a gate leading to a gauntlet.
 14507 | Gauntlet | Entered a Gauntlet
 14507 | Gauntlet | Found a transporter.
 14632 | Gauntlet | Found a transporter.
 14634 | Gauntlet | Found a transporter.
 14636 | Gauntlet | Found a transporter.
 14645 | Gauntlet | Found a transporter.
 14660 | Gauntlet | Found a transporter.
 14665 | Gauntlet | Found a transporter.
 14680 | Gauntlet | Found a transporter.
 14680 | Gauntlet | Noticed a green death
 14695 | Gauntlet | Noticed a dire elephant
 14699 | Gauntlet | Found a transporter.
 14711 | Gauntlet | Found a transporter.
 14723 | Gauntlet | Found a transporter.
 14735 | Gauntlet | Found a transporter.
 14747 | Gauntlet | Found a transporter.
 14764 | Gauntlet | Found a transporter.
 14782 | Gauntlet | Found a transporter.
 14784 | Gauntlet | Found a transporter.
 14786 | Gauntlet | Found a runed translucent gate.
 14786 | Gauntlet | Found a runed translucent gate.
 14786 | Gauntlet | Found a runed translucent gate.
 14794 | Gauntlet | Found a large runed translucent door.
 14794 | Gauntlet | Found a large runed translucent door.
 14794 | Gauntlet | Found a large runed translucent door.
 14794 | Gauntlet | Found a large runed translucent door.
 14795 | Gauntlet | Found a large runed translucent door.
 14795 | Gauntlet | Found a large runed translucent door.
 14796 | Gauntlet | Found a large runed translucent door.
 14796 | Gauntlet | Found a large runed translucent door.
 14797 | Gauntlet | Found a large runed translucent door.
 14797 | Gauntlet | Found a large runed translucent door.
 14797 | Gauntlet | Found a runed translucent door.
 14797 | Gauntlet | Found a runed translucent door.
 14798 | Gauntlet | Found a large runed translucent door.
 14799 | Gauntlet | Found a large runed translucent door.
 14808 | Gauntlet | Found a large runed translucent door.
 14808 | Gauntlet | Found a large runed translucent door.
 14809 | Gauntlet | Found a large runed translucent door.
 14810 | Gauntlet | Found a large runed translucent door.
 14812 | Gauntlet | Found a transporter.
 14890 | Gauntlet | Found a transporter.
 15200 | Gauntlet | Identified the +2 leather armour of the Fife {Int+3}
 15221 | Gauntlet | Identified the +11 chain mail "Nusitoufega" {rElec Int+2
                  | Dex+5}
 15221 | Gauntlet | Identified the ring "Riexixa" {Wiz rElec rPois Int+4}
 15221 | Gauntlet | Noticed a minotaur
 15230 | Gauntlet | Killed a minotaur
 16082 | D:14     | Gained mutation: You are mostly covered in yellow scales.
                  | (AC +3) [demonic ancestry]
 16082 | D:14     | Reached XP level 14. HP: 113/113 MP: 22/23
 16322 | D:14     | Identified the amulet of Nobility {Spirit Int+2}
 16326 | D:14     | Identified the ring of Lucidity {Ice Dex+3}
 16339 | D:14     | Identified the ring of Diel {rPois rC+ rCorr Str+6 Stlth+}
 16365 | D:14     | Identified the ring of Jaotal {rF+ Int+3 SInv}
 16638 | Lair:1   | Entered Level 1 of the Lair of Beasts
 18035 | Lair:2   | Found a staircase to the Snake Pit.
 18338 | Lair:2   | Identified the +5 rapier "Cyvam" {vamp, rElec Dex+5}
 18421 | Lair:3   | Reached skill level 10 in Spellcasting
 18834 | Lair:3   | You fall into a shaft and drop 2 floors!
 18834 | Lair:5   | Entered Level 5 of the Lair of Beasts
 18898 | Lair:5   | Reached skill level 15 in Necromancy
 18898 | Lair:5   | Identified the +0 chain mail "Sigena" {*Corrode rPois
                  | Dex+3}
 18901 | Lair:5   | Identified the +7 flail of the Scroll {drain, *Corrode
                  | rElec Dex+6}
 19035 | Lair:5   | Found a viscous altar of Jiyva.
 19036 | Lair:5   | Found a staircase to the Slime Pits.
 19987 | Lair:4   | Reached skill level 16 in Necromancy
 20062 | Lair:4   | Found a dark tunnel.
 20070 | Volcano  | Entered a volcano
 20276 | Volcano  | Reached XP level 15. HP: 95/118 MP: 29/29
 21479 | Lair:4   | Found a one-way gate to the infinite horrors of the Abyss.
 21479 | Lair:4   | Noticed bmack86's ghost (journeyman MiFi)
 21494 | Lair:4   | Found a transporter.
 21494 | Lair:4   | Found a transporter.
 21967 | Lair:4   | Killed bmack86's ghost
 22333 | Lair:4   | Noticed Sonja
 22338 | Lair:4   | Killed Sonja
 22595 | Lair:3   | Identified the +1 broad axe "Civez" {freeze, rN++ Stlth+}
 23034 | Snake:1  | Entered Level 1 of the Snake Pit
 23599 | Snake:1  | Identified a scroll of acquirement
 23600 | Snake:1  | Acquired a book of Death
 23619 | Snake:1  | Learned a level 8 spell: Infestation
 23684 | Snake:1  | Found a runed translucent door.
 23684 | Snake:1  | Noticed Newt's ghost (journeyman DsGl)
 23692 | Snake:1  | Killed Newt's ghost
 24205 | Snake:1  | Reached ****** piety under Kikubaaqudgha
 24613 | Snake:2  | Gained mutation: You are completely covered in yellow
                  | scales. (AC +4, rCorr) [demonic ancestry]
 24613 | Snake:2  | Reached XP level 16. HP: 102/126 MP: 16/34
 24846 | Snake:2  | Found Hubuh's Distillery.
 24851 | Snake:2  | Bought a potion of heal wounds for 75 gold pieces
 25020 | Snake:2  | Acquired 1160 gold pieces
 25242 | Snake:2  | Reached skill level 15 in Spellcasting
 25489 | Snake:2  | Identified the +0 ring mail of the Postmodern Knives
                  | {Int+2}
 26034 | Snake:3  | Received a gift from Kikubaaqudgha
 27517 | Snake:3  | Found Yrata's Jewellery Boutique.
 27517 | Snake:3  | Found Voatig's Book Emporium.
 27518 | Snake:3  | Found Zut Ukke's Book Emporium.
 27690 | Snake:4  | Entered Level 4 of the Snake Pit
 27767 | Snake:4  | Slain by a salamander

Illustrated notes

Levels and vault maps discovered:
D:1:      psy_arrival_terrarium, layout_basic, kennysheep_decorative_pillar
D:2:      layout_rooms, shapermc_ecumenical_altar_mp_highgroup, basic_altar,
          st_stairs_6
D:3:      layout_loops_ring, mainiacjoe_overflow_small_starburst,
          grunt_temple_overflow_open
D:4:      layout_cave_pools, kennysheep_little_box, uniq_pikel,
          uniq_crazy_yiuf_cottage, uniq_eustachio, uniq_natasha
D:5:      layout_loops_ring, lemuel_round_altar, gammafunk_ghost_hive,
          kennysheep_nondescript, minivault_23, kennysheep_cross_bottleneck,
          nicolae_inconvenience_store, kennysheep_minor_cross, uniq_edmund
D:6:      layout_gridville, nicolae_qazlal_general_emergency, uniq_duvessa
D:7:      layout_loops_cross, grunt_temple_overflow_champion_of_chaos,
          nicolae_ru_path_of_blood, minmay_temple_entry_waves, enter_bailey_8,
          minivault_23
D:8:      layout_basic, nicolae_hepliaklqana_hazy_memory
D:9:      layout_basic, guppyfry_shop_venom, uniq_gastronok
D:10:     layout_small_grid, mainiacjoe_overflow_paths, dpeg_oklobed_lair,
          erik_orc_3, gammafunk_ghost_necromancy, kennysheep_generic_room_3
D:11:     layout_gridville
D:12:     layout_loops_ring
D:13:     layout_stronghold, grunt_decor_one_mirror, minmay_shattered_shrine
D:14:     minmay_the_grid_triangle_9x9_rhombus_thin
          [minmay_the_grid_triangle_9x9_minimal,
          minmay_the_grid_triangle_9x9_prize_special,
          minmay_the_grid_triangle_9x9_odd_lines,
          minmay_the_grid_triangle_9x9_skeleton], layout_cave_pools,
          david_vaults_3, bloody_makhleb, gauntlet_entry_generic,
          elyvilon_altar_4, uniq_josephine
Lair:1:   layout_roguey, nicolae_lair_grove_arrangements
Lair:2:   layout_gridlike, elwin_shoals_entry_rooms,
          guppyfry_snake_entry_garden, special_room [special_room_bee], pond,
          grunt_megastairs_3
Lair:3:   layout_long_grid, nzn_random_ring
Lair:4:   layout_roguey, lightli_volcano_entry_magma_tube,
          gammafunk_ghost_abyssal_escape, uniq_sonja
Lair:5:   minmay_lair_end_frog_pond, layout_hall_layers,
          minmay_slime_entry_pillars, minivault_26,
          nicolae_quartered_pool_impasse, lemuel_fruit_fields
Snake:1:  layout_misc_corridors, gammafunk_ghost_grave,
          hangedman_snake_thin_pillar_pass, st_stairs_10, grunt_ministairs_14,
          nicolae_snake_springs, serial_bayou_shore_a
Snake:2:  layout_rooms, serial_shops, nicolae_square_shop,
          nicolae_snake_snakewalk
Snake:3:  layout_misc_corridors, nicolae_snake_slithery_hallway,
          minmay_shop_grove
Snake:4:  grunt_snake_rune_spirals, layout_onion, basic_altar,
          nicolae_wooded_promenade

Skill      XL: |  1  2  3  4  5  6  7  8  9 10 11 12 13 14 15 16 |
---------------+-------------------------------------------------+-----
Stealth        | 1 2 4 8 |  8.0
Fighting       | 3 4 7 |  7.0
Spellcasting   | 2 3 4 6 10 14 15 | 15.0
Necromancy     | 3 6 8 10 13 14 16 | 16.1
Evocations     | 3 6 8 10 12 | 12.9
Short Blades   | 4 6 |  6.0
Dodging        | 3 5 6 8 9 |  9.3
Hexes          | 5 |  5.0
Armour         | 5 8 |  8.0
Throwing       | |  1.7

Action                   |  1- 3 |  4- 6 |  7- 9 | 10-12 | 13-15 | 16-18 || total
-------------------------+-------+-------+-------+-------+-------+-------++-------
Melee: Rapier            |   120 |    43 |       |       |       |       ||   163
       Punch             |     1 |       |       |       |       |       ||     1
       Touch             |     7 |       |       |       |       |       ||     7
       Dagger            |       |    60 |   285 |   316 |   562 |   112 ||  1335
       Kick              |       |    18 |    24 |       |       |       ||    42
Throw: Dart              |       |     4 |       |       |       |       ||     4
       Throwing net      |       |     1 |       |       |       |       ||     1
       Javelin           |       |       |       |       |     1 |       ||     1
 Cast: Vampiric Draining |       |       |    78 |   133 |   242 |   109 ||   562
       Slow              |       |       |     7 |    28 |     4 |       ||    39
       Animate Dead      |       |       |     3 |    19 |    15 |     3 ||    40
       Necrotise         |       |       |       |    13 |     3 |     1 ||    17
       Dispel Undead     |       |       |       |     9 |    21 |       ||    30
       Death Channel     |       |       |       |     1 |    13 |     3 ||    17
       Infestation       |       |       |       |       |       |     2 ||     2
Invok: Unearth Wretches  |       |       |       |     6 |     8 |     1 ||    15
       Receive Forbidden |       |       |       |       |       |     1 ||     1
Evoke: Wand              |       |       |       |       |     3 |       ||     3
  Use: Scroll            |       |     8 |     9 |     6 |     8 |     1 ||    32
       Potion            |       |     3 |     3 |     2 |       |     1 ||     9
 Stab: Sleeping          |     1 |     1 |     3 |     2 |    10 |     5 ||    22
       Held in net/web   |       |     1 |       |       |       |       ||     1
       Paralysed         |       |       |    66 |   119 |   151 |    38 ||   374
       Distracted        |       |       |     1 |     3 |    16 |     2 ||    22
Armor: Leather armour    |    47 |    24 |   129 |    54 |       |       ||   254
       Troll leather arm |       |       |       |   168 |   160 |       ||   328
       Chain mail        |       |       |       |       |    89 |       ||    89
       Quicksilver drago |       |       |       |       |   127 |    90 ||   217
Dodge: Dodged            |   109 |    58 |   219 |   259 |   430 |   115 ||  1190
Block: Orb               |       |       |       |    33 |   172 |    50 ||   255
       Reflection        |       |       |       |     1 |    11 |     9 ||    21

Table legend: (Time is in decaauts)
 A = Elapsed time spent in this place.
 B = Non-inter-level travel time spent in this place.
 C = Inter-level travel time spent in this place.
 D = Time resting spent in this place.
 E = Time spent auto-exploring this place.
 F = Levels seen in this place.
 G = Mean time per level.
                   A        B        C        D        E       F      G
               +--------+--------+--------+--------+--------+-----+--------+
         Total |  27497 |  26838 |    659 |   5985 |  15436 |  26 | 1057.6 |
       Dungeon |  14996 |  14556 |    440 |   2756 |   9112 |  14 | 1071.1 |
          Lair |   5208 |   5069 |    139 |    558 |   3476 |   5 | 1041.6 |
     Snake Pit |   4689 |   4610 |     79 |   1306 |   2384 |   4 | 1172.2 |
        Bailey |    592 |    592 |      0 |    281 |     70 |   1 |  592.0 |
       Volcano |   1109 |   1109 |      0 |    796 |    121 |   1 | 1109.0 |
      Gauntlet |    900 |    900 |      0 |    288 |    273 |   1 |  900.0 |
               +--------+--------+--------+--------+--------+-----+--------+

Top non-repeatable levels by time:
    D:13: 1672 daAuts
     D:5: 1665 daAuts
 Snake:3: 1662 daAuts
  Lair:4: 1530 daAuts
 Snake:1: 1504 daAuts
 Snake:2: 1449 daAuts
    D:14: 1379 daAuts
    D:11: 1373 daAuts
    D:10: 1258 daAuts
     D:7: 1168 daAuts
 Volcano: 1109 daAuts
     D:4: 1077 daAuts
  Lair:5: 1070 daAuts
     D:8: 929 daAuts
Gauntlet: 900 daAuts
